 Dungeon Crawl Stone Soup version 0.30-a0-297-g0ec75d9ef4 (webtiles) character file.

Game seed: 11522764513234879892

3446 lunkers the Martial Artist (level 10, -3/85 HPs)
             Began as a Meteoran Transmuter on Oct 20, 2022.
             Was an Initiate of Uskayaw.
             Slain by a sixfirhy (7 damage)
             ... summoned by an orc high priest
             ... in a bailey.
             The game lasted 00:11:09 (3076 turns).

lunkers the Martial Artist (Meteoran Transmuter)    Turns: 3076, Time: 00:11:09

Health: -3/85      AC:  7    Str: 12    XL:     10   Next: 50%
Magic:  0/16       EV: 10    Int: 18    God:    Uskayaw [......]
Gold:   631        SH:  0    Dex: 16    Spells: 5/14 levels left

rFire   x . .      SeeInvis .      - Unarmed
rCold   + + +      Faith    .    (shield currently unavailable)
rNeg    . . .      Spirit   +    (body armour currently unavailable)
rPois   +          Reflect  .    (helmet currently unavailable)
rElec   .          Harm     .    (cloak currently unavailable)
rCorr   .          Rampage  .    (gloves currently unavailable)
Will    +....                    (boots currently unavailable)
Stlth   +.........               d - amulet of guardian spirit
HPRegen 0.34/turn                u - ring of wizardry
MPRegen 0.15/turn                (no ring)

@: ice-form, glowing
A: freezing attack, amphibious, boosted hp, large, sense surroundings 2,
otherworldly, glowing, explore regen
a: End Transformation, Renounce Religion


You were in a bailey.
You worshipped Uskayaw.
Uskayaw was noncommittal.
You were a creature of crystalline ice.
You visited 1 branch of the dungeon, and saw 7 of its levels.
You also visited: Sewer, Ossuary and Bailey.

You collected 631 gold pieces.

Inventory:

Hand Weapons
 e - a +3 spectral dagger
 E - the +5 war axe of Disintegration {drain, Dex+6 Stlth+}
   (You found it in a bailey)

   A truly terrible weapon, it drains the life of any living foe it strikes.
   Dex:       It affects your dexterity (+6).
   Stlth:     It makes you more stealthy.
Armour
 a - a +0 robe
 n - a +0 ring mail of willpower
 A - a +0 pair of boots
 D - the +4 Cigotuvi's embrace (melded) {rMiasma Drain rN+}
   (You took it off an orc sorcerer in a bailey)

   It gathers nearby corpses to temporarily increase the armour it provides.
   It protects you from foul pestilence.
   rN:        It protects you from negative energy.
   Drain:     It drains your maximum health when unequipped.
Jewellery
 d - an amulet of guardian spirit (around neck)
 u - a ring of wizardry (left front paw)
Wands
 f - a wand of paralysis (7)
 j - a wand of light (10)
 r - a wand of flame (25)
 y - a wand of roots (4)
Scrolls
 p - a scroll of vulnerability
 q - 2 scrolls of magic mapping
 s - 2 scrolls of teleportation
 v - a scroll of amnesia
 x - a scroll of acquirement
 C - 2 scrolls of enchant armour
Potions
 b - a potion of lignification
 c - 3 potions of invisibility
 g - a potion of attraction
 h - a potion of flight
 i - a potion of cancellation {unknown}
 k - 6 potions of haste
 l - 2 potions of curing
 m - a potion of might {unknown}
 o - a potion of resistance {unknown}
 t - 2 potions of ambrosia
 w - a potion of heal wounds {unknown}
 z - 3 potions of mutation {unknown}
 B - a potion of magic {unknown}


   Skills:
 - Level 1.1 Fighting
 - Level 2.4 Dodging
 - Level 12.0 Unarmed Combat
 - Level 2.6 Spellcasting
 + Level 10.2 Transmutations
 + Level 7.5 Invocations


You had 5 spell levels left.
You knew the following spells:

 Your Spells              Type           Power      Damage    Failure   Level
b - Wereblood             Tmut           39%        N/A       1%          2
c - Spider Form           Tmut/Pois      20%        N/A       2%          3
d - Ice Form              Ice/Tmut       20%        N/A       9%          4

Your spell library contained the following spells:

 Spells                   Type           Power      Damage    Failure   Level
 Beastly Appendage        Tmut           78%        N/A       1%          1
 Sublimation of Blood     Necr           2%         N/A       11%         2
 Ozocubu's Armour         Ice            2%         N/A       21%         3
 Metabolic Englaciation   Hex/Ice        1%         N/A       86%         5
 Simulacrum               Ice/Necr       1%         N/A       100%        6
 Summon Hydra             Summ           1%         N/A       100%        7


Dungeon Overview and Level Annotations

Branches:
Dungeon (7/15) Zot: 1972    Sewer (visited)         Ossuary (visited)
 Bailey (1/1) Zot: 164
 Temple: D:4-7

Altars:
Dithmenos
Qazlal
Uskayaw
Vehumet
Xom
Zin

Shops:
D:1 !?[=


Innate Abilities, Weirdness & Mutations

You are a creature of crystalline ice.
You have a powerful freezing melee attack.
You are amphibious.
Your maximum health is increased.
Your armour is entirely melded.
You are incapable of wielding weapons or throwing items.
You passively map the area around you.
You are easily found by Zot.
You glow in the dark.
You regain HP and MP as you explore.


Message History

No target in view!
No target in view!
Things that are here:
a +0 hand axe; a +0 ring mail; an orc corpse The orc high priest shouts!
The orc high priest utters an invocation to Beogh.
Unknown command.
Okay, then.
There is a large open door, spattered with blood here.
Things that are here:
a +0 broad axe; a +0 ring mail You miss the sixfirhy.
The orc high priest mumbles some strange prayers to Beogh.
Things that are here:
a +0 war axe; a +0 plate armour; an orc skeleton The sixfirhy hits you!
The sixfirhy shocks you!
* * * LOW HITPOINT WARNING * * *
The sixfirhy hits you.
* * * LOW HITPOINT WARNING * * *
The sixfirhy shocks you!
* * * LOW HITPOINT WARNING * * *
The orc high priest intones a terrible prayer.
The orc high priest hits you with a +0 broad axe.
* * * LOW HITPOINT WARNING * * *
You stomp with the beat, sending a shockwave through the revellers around you!
The orc high priest is moderately wounded.
The sixfirhy is moderately wounded. x2
* * * LOW MAGIC WARNING * * *
You can no longer stomp with the beat.
The sixfirhy hits you.
* * * LOW HITPOINT WARNING * * *
The sixfirhy shocks you!
* * * LOW HITPOINT WARNING * * *
The sixfirhy hits you.
* * * LOW HITPOINT WARNING * * *
The sixfirhy shocks you!
* * * LOW MAGIC WARNING * * *
* * * LOW HITPOINT WARNING * * *
The sixfirhy hits you!
You die...

#≈≈≈≈≈#'#..###############
#≈≈≈≈≈#....#.....).#.....'
#≈≈≈≈≈#....#.8.8.8.'.....#
#≈≈≈≈≈######...###########
#≈≈≈≈≈~.#......#....'..#.'
######.≈≈≈≈~.#......#....#..#.#
#......≈≈≈≈~.#))#####....#..'.#
###......≈≈≈≈~)#)3...##....######
#..............'Y....##....#).8.8
#∩..∩..........3.o⌠..##.._.).....
#..............')....##....#..8.8
###......≈≈≈≈~.#.....##....######
#......≈≈≈≈~.#''#####....#..'.#
######.≈≈≈≈~.#......#....#.[#.#
#≈≈≈≈≈~.#...)..#....'[[#.'
#≈≈≈≈≈######.).###########
#≈≈≈≈≈#....#.8.8.8.))....#


You could see an orc high priest and 2 sixfirhies.

Vanquished Creatures
  An orc knight (Bailey)
  Pikel (D:5)
  An orc sorcerer (Bailey)
  A water moccasin (D:6)
  8 orc warriors (Bailey)
  An ogre (D:5)
  2 phantoms (D:5)
  A lemure (D:5)
  A kobold brigand (Sewer)
  3 scorpions (D:6)
  A howler monkey (D:5)
  6 electric eels (Bailey)
  A jelly (D:4)
  2 hounds (D:6)
  2 orc priests (D:7)
  2 iguanas
  3 mummies
  8 adders
  4 gnolls (Bailey)
  A river rat (D:6)
  A shadow imp (D:6)
  An ufetubus (D:5)
  4 worms
  4 dart slugs
  11 orcs
  10 ball pythons
  4 endoplasms
  8 giant cockroaches
  A gnoll zombie (Ossuary)
  8 goblins
  14 hobgoblins
  15 kobolds
  4 quokkas
  9 bats
  4 frilled lizards
  4 goblin zombies (Ossuary)
  6 hobgoblin zombies (Ossuary)
  3 orc zombies (Ossuary)
  5 rats
166 creatures vanquished.

Vanquished Creatures (others)
  4 plants (Sewer)
4 creatures vanquished.

Grand Total: 170 creatures vanquished

Notes
Turn   | Place    | Note
-------+----------+-------------------------------------------
     0 | D:1      | lunkers the Meteoran Transmuter began the quest for the
                  | Orb.
     0 | D:1      | Reached XP level 1. HP: 16/16 MP: 5/5
    27 | D:1      | Found Igocaas's Jewellery Shop.
    53 | D:1      | Reached XP level 2. HP: 9/23 MP: 4/6
    56 | D:1      | Found Geosopn's Magic Scroll Boutique.
    75 | D:1      | Reached skill level 4 in Unarmed Combat
   176 | D:1      | Found Xeur's Antique Armour Boutique.
   198 | D:1      | Reached XP level 3. HP: 28/28 MP: 8/8
   221 | D:1      | Learned a level 2 spell: Wereblood
   225 | D:1      | Learned a level 3 spell: Spider Form
   303 | D:1      | Found Laxich's Distillery.
   468 | D:2      | Reached XP level 4. HP: 35/35 MP: 9/9
   504 | D:2      | Reached skill level 5 in Unarmed Combat
   937 | D:3      | Reached XP level 5. HP: 40/40 MP: 8/10
  1102 | D:3      | Reached skill level 6 in Unarmed Combat
  1173 | D:4      | Found a hide-covered altar of Uskayaw.
  1176 | D:4      | Found a shadowy altar of Dithmenos.
  1177 | D:4      | Found a stormy altar of Qazlal.
  1185 | D:4      | Became a worshipper of Uskayaw the Reveller
  1233 | D:4      | Reached * piety under Uskayaw
  1361 | D:4      | Reached ** piety under Uskayaw
  1364 | D:4      | Reached XP level 6. HP: 18/47 MP: 4/11
  1377 | D:5      | Entered Level 5 of the Dungeon
  1420 | D:5      | Reached skill level 7 in Unarmed Combat
  1479 | D:5      | Found a radiant altar of Vehumet.
  1525 | D:5      | Noticed a wraith
  1531 | D:5      | Reached XP level 7. HP: 51/52 MP: 12/12
  1590 | D:5      | Reached skill level 5 in Transmutations
  1623 | D:5      | Reached skill level 8 in Unarmed Combat
  1664 | D:5      | Found a sand-covered staircase.
  1674 | Ossuary  | Entered an ossuary
  1701 | Ossuary  | Reached *** piety under Uskayaw
  1732 | Ossuary  | Reached **** piety under Uskayaw
  1872 | D:5      | Noticed Pikel
  1888 | D:5      | Killed Pikel
  1889 | D:5      | Reached skill level 9 in Unarmed Combat
  1889 | D:5      | Reached XP level 8. HP: 11/59 MP: 1/13
  1909 | D:5      | Learned a level 4 spell: Ice Form
  2112 | D:6      | Reached skill level 10 in Unarmed Combat
  2154 | D:6      | Found a glowing drain.
  2170 | Sewer    | Entered a sewer
  2364 | Sewer    | Reached skill level 1 in Invocations
  2364 | Sewer    | Gained mutation: You passively map the area around you.
                  | [Meteoran growth]
  2364 | Sewer    | Reached XP level 9. HP: 50/64 MP: 12/14
  2440 | D:6      | Found a shimmering altar of Xom.
  2441 | D:6      | Noticed an angel
  2442 | D:6      | Found a glowing silver altar of Zin.
  2617 | D:7      | Found a flagged portal.
  2630 | Bailey   | Entered a bailey
  2673 | Bailey   | Reached skill level 11 in Unarmed Combat
  2734 | Bailey   | Noticed an orc high priest
  2762 | Bailey   | Noticed an orc knight
  2782 | Bailey   | Killed an orc knight
  2783 | Bailey   | Reached skill level 12 in Unarmed Combat
  2783 | Bailey   | Reached skill level 5 in Invocations
  2783 | Bailey   | Reached XP level 10. HP: 20/71 MP: 5/15
  2876 | Bailey   | Noticed an orc sorcerer
  2884 | Bailey   | Found an iron altar of Okawaru.
  2914 | Bailey   | Killed an orc sorcerer
  2959 | Bailey   | Identified the +5 war axe of Disintegration {drain, Dex+6
                  | Stlth+}
  3009 | Bailey   | Reached skill level 10 in Transmutations
  3072 | Bailey   | Noticed a sixfirhy
  3075 | Bailey   | Noticed a sixfirhy
  3076 | Bailey   | HP: 4/85 [sixfirhy[an orc high priest] (8)]
  3076 | Bailey   | Slain by a sixfirhy

Illustrated notes

Levels and vault maps discovered:
D:1:      spicycebolla_arrival_ecumenical, layout_basic, serial_shops,
          nicolae_shop_waterfront, shop, shop, shop, minmay_tetromino_o2
D:2:      kennysheep_big_flooded_room, layout_rooms
D:3:      layout_basic, serial_glass, glass_columns_a, glass_columns_c,
          cheibrodos_gnoll_hut
D:4:      layout_loops_ring, minitemple, mainiacjoe_overflow_swirl,
          serial_glass, glass_columns_b, glass_columns_a,
          guppyfry_early_lair_pool
D:5:      minmay_clustersquares, layout_loops_ring, vehumet_altar_wand_db,
          gup_ossuary_entry_pyramid, minmay_misc_feat_nine_boxes, uniq_pikel
D:6:      layout_loops_ring, grunt_temple_overflow_order_and_chaos_1,
          minmay_temple_entry_hall, portal_sewer_entry_a, minmay_misc_feat_x
D:7:      layout_basic, enter_bailey_3
Bailey:   bailey_axe_of_yendor_kennysheep, bailey

Skill      XL: |  1  2  3  4  5  6  7  8  9 10 |
---------------+-------------------------------+-----
Unarmed Combat | 4 5 6 7 9 10 12 | 12.0
Transmutations | 3 4 6 7 8 10 | 10.2
Invocations    | 1 5 7 |  7.5
Fighting       | |  1.1
Dodging        | |  2.4
Spellcasting   | |  2.6

Action                   |  1- 3 |  4- 6 |  7- 9 | 10-12 || total
-------------------------+-------+-------+-------+-------++-------
Melee: Unarmed           |    75 |   137 |   207 |    31 ||   450
       Kick              |     7 |     1 |       |       ||     8
       Headbutt          |     4 |     1 |       |       ||     5
       Punch             |     3 |     4 |     4 |       ||    11
 Cast: Beastly Appendage |     9 |       |       |       ||     9
       Spider Form       |       |    11 |    16 |       ||    27
       Ice Form          |       |       |     5 |     5 ||    10
Invok: Stomp             |       |       |       |     1 ||     1
Evoke: Wand              |       |     1 |    10 |     3 ||    14
  Use: Scroll            |       |       |    18 |       ||    18
 Stab: Paralysed         |       |       |    15 |       ||    15
Armor: Robe              |    20 |    16 |    10 |       ||    46
       Skin              |       |     7 |    21 |     6 ||    34
Dodge: Dodged            |    39 |    79 |   108 |     6 ||   232

Table legend: (Time is in decaauts)
 A = Elapsed time spent in this place.
 B = Non-inter-level travel time spent in this place.
 C = Inter-level travel time spent in this place.
 D = Time resting spent in this place.
 E = Time spent auto-exploring this place.
 F = Levels seen in this place.
 G = Mean time per level.
                   A        B        C        D        E       F      G
               +--------+--------+--------+--------+--------+-----+--------+
         Total |   3039 |   2927 |    112 |      0 |   1431 |  10 |  303.9 |
       Dungeon |   2227 |   2115 |    112 |      0 |   1182 |   7 |  318.1 |
         Sewer |    245 |    245 |      0 |      0 |    155 |   1 |  245.0 |
       Ossuary |    131 |    131 |      0 |      0 |     52 |   1 |  131.0 |
        Bailey |    434 |    434 |      0 |      0 |     41 |   1 |  434.0 |
               +--------+--------+--------+--------+--------+-----+--------+

Top non-repeatable levels by time:
  Bailey: 434 daAuts
     D:5: 424 daAuts
     D:1: 394 daAuts
     D:6: 381 daAuts
     D:2: 377 daAuts
     D:4: 310 daAuts
     D:3: 280 daAuts
   Sewer: 245 daAuts
 Ossuary: 131 daAuts
     D:7: 59 daAuts
